Map: Port Aleksander LE

Players

Garett - Winner!

  • Race: Zerg Zerg
  • League: Diamond
  • Spawn Location: 5:00

Arcane

  • Race: Protoss Protoss
  • League: Diamond
  • Spawn Location: 11:00

VOD

Have the link to the VOD?

Description

Time

  • Played on: March 16, 2019, 2:36 p.m.
  • Length: 8:14
Show
View Real Time Build Order
Export as new Build Order

Garett Zerg - Winner!

Build Orders: Pool First 

Get SALT Encoding   

  12  0:01  Drone  
  13  0:13  Overlord  
  13  0:18  Drone  
  14  0:32  Drone x2  
  16  0:36  Drone  
  17  0:47  Spawning Pool  
  17  0:50  Drone  
  17  1:11  Hatchery  
  16  1:16  Extractor, Drone  
  16  1:23  Drone  
  17  1:28  Drone  
  18  1:33  Queen  
  20  1:40  Overlord  
  20  1:45  Zergling x2  
  21  1:51  Zergling x2  
  22  2:18  Metabolic Boost  
  22  2:21  Drone  
  23  2:36  Queen  
  25  2:39  Hatchery  
  25  2:42  Drone x2  
  26  2:46  Drone  
  27  2:54  Drone x2  
  27  2:58  Drone x2  
  30  3:02  Overlord  
  31  3:07  Drone  
  31  3:17  Zergling x6  
  34  3:25  Drone x2  
  37  3:27  Drone x2  
  37  3:28  Overlord  
  38  3:47  Drone x2  
  40  3:49  Overlord  
  40  3:50  Drone x3  
  40  3:53  Queen  
  45  3:59  Drone x3  
  45  4:00  Overlord  
  45  4:01  Drone  
  49  4:08  Extractor  
  48  4:11  Drone  
  48  4:12  Roach Warren, Drone  
  48  4:13  Drone  
  50  4:22  Lair  
  50  4:29  Extractor  
  49  4:37  Zergling x8  
  53  4:39  Drone x3  
  53  4:45  Evolution Chamber, Overlord  
  55  5:04  Drone x5  
  55  5:05  Drone x3  
  63  5:07  Overlord x2  
  63  5:11  Zerg Missile Weapons Level 1  
  63  5:12  Roach x3  
  63  5:13  Roach x3  
  75  5:18  Extractor  
  70  5:36  Glial Reconstitution  
  70  5:38  Drone x2  
  70  5:39  Drone x3  
  70  5:42  Roach x3  
  81  5:46  Overlord  
  81  5:47  Overlord  
  81  5:48  Zergling x6  
  84  5:52  Extractor  
  84  5:56  Drone  
  84  6:01  Zergling x10  
  84  6:02  Ravager x2  
  91  6:10  Drone x2  
  93  6:11  Overlord  
  93  6:12  Drone  
  93  6:13  Drone x3  
  93  6:18  Drone x3  
  99  6:21  Ravager x3  
  103  6:30  Zergling x10  
  108  6:39  Roach  
  114  6:40  Roach x4  
  114  6:46  Hydralisk Den  
  109  7:05  Zergling x12  
  109  7:06  Zergling x8  
  113  7:14  Zergling x10  
  114  7:26  Extractor  
  114  7:29  Drone  
  109  7:33  Zergling x4  
  104  7:47  Zergling x8  
  104  7:48  Zergling x4  
Show
View Real Time Build Order
Export as new Build Order

Arcane Protoss 

Build Orders: 1 Gate Expand 

Get SALT Encoding   

  12  0:00  Probe  
  13  0:13  Probe  
  14  0:22  Pylon  
  14  0:25  Probe  
  15  0:37  Probe  
  15  0:41  Gateway  
  16  0:45  Probe  
  17  0:54  Probe  
  17  0:57  Assimilator  
  18  1:06  Probe  
  19  1:18  Probe  
  20  1:29  Nexus  
  20  1:31  Probe  
  21  1:44  Cybernetics Core  
  21  1:47  Zealot  
  23  1:56  Pylon  
  23  2:14  Probe, Gateway  
  23  2:26  Probe, Adept  
  24  2:31  Assimilator  
  24  2:34  Pylon  
  26  2:37  Warp Gate  
  26  2:38  Probe  
  27  2:44  Probe  
  27  2:48  Probe  
  29  2:52  Probe  
  29  2:56  Probe  
  30  2:59  Stalker  
  30  3:00  Probe  
  34  3:09  Probe  
  34  3:11  Probe  
  36  3:15  Shield Battery  
  36  3:18  Sentry  
  38  3:21  Probe  
  38  3:23  Probe  
  40  3:34  Probe  
  41  3:35  Probe  
  42  3:46  Probe  
  42  3:47  Probe  
  44  3:57  Pylon  
  44  3:58  Probe  
  44  3:59  Probe  
  44  4:00  Robotics Facility  
  46  4:03  Twilight Council  
  46  4:07  Pylon  
  46  4:10  Probe, Pylon  
  46  4:11  Probe  
  48  4:19  Assimilator  
  48  4:21  Assimilator  
  48  4:22  Probe  
  48  4:24  Probe  
  50  4:27  Adept x2  
  54  4:45  Immortal, Probe x2  
  55  4:48  Stalker  
  55  4:49  Stalker, Charge  
  63  5:04  Gateway  
  63  5:06  Gateway  
  63  5:07  Nexus  
  63  5:11  Pylon  
  63  5:17  Immortal  
  63  5:30  Zealot x2  
  67  5:37  Probe x2  
  69  5:45  Forge  
  69  5:48  Templar Archives  
  69  5:50  Gateway  
  69  5:53  Zealot, Sentry, Gateway  
  73  6:04  Probe x2  
  75  6:06  Observer  
  75  6:11  Pylon  
  76  6:12  Pylon  
  76  6:16  Probe x2  
  76  6:17  Pylon  
  78  6:26  Probe, Pylon  
  78  6:28  Observer, Probe  
  78  6:29  Shield Battery  
  78  6:30  Shield Battery  
  78  6:32  Psionic Storm  
  81  6:40  Probe x3  
  84  6:49  Observer  
  84  6:50  Pylon  
  83  6:55  Zealot x2  
  83  6:56  Zealot x2  
  75  7:07  Immortal  
  63  7:09  Zealot x2  
  61  7:20  Zealot x3  
  67  7:30  Pylon  
  61  7:42  Zealot x2  
  56  8:02  Zealot x5  
Tags
 
Add a new tag
Caveats
  • Supply blocks, unpowered buildings, or Contaminate may cause inaccurate times.
  • Supply counts are checked every 10 seconds.